[ AOE2 MATCH · #474854119 ]
UnrankedByzantines vs Spanish
[ REPLAY ANALYSIS · EXTRACTED FROM THE RECORDED GAME ]
Feudal
9:55
Castle
26:19
Imperial
37:02
| APM avg | 9.8 |
| APM peak | 21 |
| eAPM avg | 7.2 |
| Villagers / military | 104 / 231 |
Focus
⚔️ 35.2% · 🌾 64.8%
Spearman ×103 · Skirmisher ×75 · Cataphract ×51 · Monk ×2
Feudal
—
Castle
—
Imperial
—
| APM avg | 13.4 |
| APM peak | 58 |
| eAPM avg | 7.4 |
| Villagers / military | 72 / 157 |
Focus
⚔️ 29.8% · 🌾 70.2%
Conquistador ×136 · Trade Cart ×18 · Battering Ram ×17 · Knight ×3 · Monk ×1
Feudal
12:17
Castle
19:12
Imperial
49:25
| APM avg | 19.1 |
| APM peak | 42 |
| eAPM avg | 10.7 |
| Villagers / military | 164 / 251 |
Focus
⚔️ 30.7% · 🌾 69.3%
Longbowman ×164 · Skirmisher ×65 · Militia ×10 · Spearman ×10 · Mangonel ×2
Feudal
9:33
Castle
24:04
Imperial
37:59
| APM avg | 43.7 |
| APM peak | 72 |
| eAPM avg | 16.8 |
| Villagers / military | 77 / 233 |
Focus
⚔️ 51.3% · 🌾 48.7%
Scout Cavalry ×93 · Cavalry Archer ×91 · Knight ×27 · Archer ×7 · Battering Ram ×5 · Trebuchet (Packed) ×5
Feudal
12:11
Castle
16:41
Imperial
43:55
| APM avg | 25.2 |
| APM peak | 59 |
| eAPM avg | 16.2 |
| Villagers / military | 244 / 226 |
Focus
⚔️ 22.9% · 🌾 77.1%
Skirmisher ×158 · Spearman ×27 · Serjeant ×20 · Archer ×19 · Trebuchet (Packed) ×2
Feudal
—
Castle
—
Imperial
—
| APM avg | 29.5 |
| APM peak | 97 |
| eAPM avg | 17.2 |
| Villagers / military | 65 / 6 |
Focus
⚔️ 22.0% · 🌾 78.0%
Unknown (1944) ×97 · Unknown (1968) ×59 · Scout Cavalry ×4 · Petard ×2 · Trade Cart ×2
Feudal
10:36
Castle
19:40
Imperial
34:48
| APM avg | 32.6 |
| APM peak | 70 |
| eAPM avg | 14.5 |
| Villagers / military | 112 / 305 |
Focus
⚔️ 35.5% · 🌾 64.5%
Skirmisher ×160 · Kamayuk ×134 · Trade Cart ×23 · Trebuchet (Packed) ×8 · Spearman ×3
Feudal
12:34
Castle
26:07
Imperial
55:34
| APM avg | 26.0 |
| APM peak | 74 |
| eAPM avg | 12.2 |
| Villagers / military | 153 / 157 |
Focus
⚔️ 21.6% · 🌾 78.4%
Skirmisher ×86 · Spearman ×40 · Gbeto ×27 · Scout Cavalry ×4
Match map
Initial resources + every placement click. Lines = walls · curves = elevation contours. ◆ gold · ⬟ stone · ● berries · ✦ relic · ◌ wall gap
Your base· Open — unwalled flank
MeruemxPain's base· Open — unwalled flank
abogalb35's base· Open — unwalled flank
Xksx4X's base· Open — unwalled flank
xX SAVAGE Xx's base· Open — unwalled flank
KF55300's base· Open — unwalled flank
fjk's base· Open — unwalled flank
SPARTA's base· Open — 5t gap
Smoothed initial terrain · ◌ = detected wall gap · hover for details
Inputs per minute
— Oday_T - - MeruemxPain
Build order — Oday_T
First 150 of 324 actions detected
| 0:07 | Create | Villager (Male) |
| 0:07 | Research | Loom |
| 0:08 | Create | Villager (Male) |
| 0:09 | Create | Villager (Male) |
| 0:09 | Create | Villager (Male) |
| 0:20 | Build | House |
| 0:22 | Build | House |
| 0:25 | Build | House |
| 1:38 | Create | Villager (Male) |
| 2:46 | Create | Villager (Male) |
| 2:46 | Create | Villager (Male) |
| 3:27 | Create | Villager (Male) |
| 3:56 | Create | Villager (Male) |
| 3:57 | Create | Villager (Male) |
| 4:49 | Create | Villager (Male) |
| 5:12 | Create | Villager (Male) |
| 5:45 | Create | Villager (Male) |
| 6:38 | Build | Mill |
| 6:50 | Build | Lumber Camp |
| 7:45 | Research | Feudal Age |
| 9:55 | Age | Feudal Age |
| 9:58 | Research | Wheelbarrow |
| 9:59 | Create | Villager (Male) |
| 9:59 | Create | Villager (Male) |
| 9:59 | Create | Villager (Male) |
| 9:59 | Create | Villager (Male) |
| 10:00 | Create | Villager (Male) |
| 10:00 | Create | Villager (Male) |
| 10:11 | Research | Horse Collar |
| 10:27 | Research | Double-Bit Axe |
| 11:26 | Build | Mill |
| 11:57 | Build | Mining Camp |
| 12:55 | Build | House |
| 14:04 | Build | House |
| 14:05 | Build | House |
| 14:07 | Build | House |
| 14:08 | Build | House |
| 14:35 | Build | Farm |
| 14:57 | Create | Villager (Male) |
| 14:58 | Create | Villager (Male) |
| 14:58 | Create | Villager (Male) |
| 14:58 | Create | Villager (Male) |
| 14:59 | Create | Villager (Male) |
| 14:59 | Create | Villager (Male) |
| 14:59 | Create | Villager (Male) |
| 15:31 | Build | Barracks |
| 16:36 | Build | Farm |
| 16:53 | Build | Farm |
| 17:09 | Build | Farm |
| 17:09 | Build | Farm |
| 17:09 | Build | Farm |
| 17:10 | Build | Farm |
| 17:10 | Build | Farm |
| 17:10 | Build | Farm |
| 17:10 | Build | Farm |
| 17:11 | Build | Farm |
| 17:11 | Build | Farm |
| 17:51 | Build | Market |
| 18:07 | Build | Farm |
| 18:10 | Create | Villager (Male) |
| 18:10 | Create | Villager (Male) |
| 18:11 | Create | Villager (Male) |
| 18:11 | Create | Villager (Male) |
| 18:11 | Create | Villager (Male) |
| 18:11 | Create | Villager (Male) |
| 18:26 | Build | Farm |
| 18:42 | Build | Blacksmith |
| 19:15 | Research | Man-at-Arms (upgrade) |
| 19:21 | Create | Villager (Male) |
| 19:21 | Create | Villager (Male) |
| 19:22 | Create | Villager (Male) |
| 19:22 | Create | Villager (Male) |
| 19:38 | Build | Farm |
| 19:44 | Create | Villager (Male) |
| 19:44 | Create | Villager (Male) |
| 19:59 | Build | Mining Camp |
| 20:17 | Build | Farm |
| 20:23 | Build | Farm |
| 20:31 | Create | Spearman |
| 20:31 | Create | Spearman |
| 20:32 | Create | Spearman |
| 20:34 | Create | Spearman |
| 20:35 | Create | Spearman |
| 20:40 | Research | Forging |
| 20:53 | Build | Farm |
| 21:17 | Build | Farm |
| 21:38 | Build | Farm |
| 22:05 | Build | Farm |
| 22:27 | Build | Farm |
| 22:51 | Build | Farm |
| 23:19 | Build | Farm |
| 23:39 | Research | Castle Age |
| 23:53 | Build | House |
| 23:54 | Build | House |
| 23:55 | Build | House |
| 23:58 | Build | House |
| 24:01 | Build | House |
| 24:02 | Build | House |
| 24:04 | Build | House |
| 24:05 | Build | House |
| 25:59 | Build | Farm |
| 26:01 | Build | Farm |
| 26:02 | Build | Farm |
| 26:19 | Age | Castle Age |
| 26:27 | Research | Hand Cart |
| 26:28 | Create | Villager (Male) |
| 26:28 | Create | Villager (Male) |
| 26:29 | Create | Villager (Male) |
| 26:29 | Create | Villager (Male) |
| 26:29 | Create | Villager (Male) |
| 26:29 | Create | Villager (Male) |
| 26:30 | Create | Villager (Male) |
| 26:56 | Build | Town Center |
| 27:19 | Research | Iron Casting |
| 27:34 | Research | Stone Mining |
| 27:46 | Build | Farm |
| 27:53 | Build | Farm |
| 28:09 | Research | Bow Saw |
| 28:14 | Research | Heavy Plow |
| 28:20 | Build | Farm |
| 28:25 | Create | Villager (Male) |
| 28:26 | Create | Villager (Male) |
| 28:26 | Create | Villager (Male) |
| 28:26 | Create | Villager (Male) |
| 28:26 | Create | Villager (Male) |
| 28:27 | Create | Villager (Male) |
| 28:27 | Create | Villager (Male) |
| 28:27 | Create | Villager (Male) |
| 28:28 | Create | Villager (Male) |
| 28:28 | Create | Villager (Male) |
| 28:41 | Build | Mining Camp |
| 29:00 | Build | Farm |
| 29:53 | Build | Farm |
| 30:01 | Build | Farm |
| 30:09 | Create | Villager (Male) |
| 30:10 | Create | Villager (Male) |
| 30:10 | Create | Villager (Male) |
| 30:18 | Create | Villager (Male) |
| 30:18 | Create | Villager (Male) |
| 30:18 | Create | Villager (Male) |
| 30:19 | Create | Villager (Male) |
| 30:30 | Build | Castle |
| 30:42 | Research | Scale Barding Armor |
| 30:47 | Research | Gold Mining |
| 32:07 | Build | Farm |
| 32:22 | Create | Villager (Male) |
| 32:55 | Build | University |
| 33:00 | Create | Villager (Male) |
| 33:21 | Build | Monastery |
| 33:26 | Research | Greek Fire |
Build order — MeruemxPain
First 150 of 276 actions detected
| 0:03 | Create | Villager (Male) |
| 0:03 | Create | Villager (Male) |
| 0:04 | Create | Villager (Male) |
| 0:04 | Create | Villager (Male) |
| 0:04 | Create | Villager (Male) |
| 0:33 | Build | House |
| 0:51 | Build | House |
| 0:55 | Build | House |
| 1:08 | Build | House |
| 1:13 | Build | House |
| 1:23 | Build | House |
| 1:46 | Build | House |
| 1:50 | Build | House |
| 2:07 | Create | Villager (Male) |
| 2:34 | Create | Villager (Male) |
| 3:23 | Create | Villager (Male) |
| 3:25 | Create | Villager (Male) |
| 4:06 | Create | Villager (Male) |
| 4:06 | Create | Villager (Male) |
| 4:43 | Create | Villager (Male) |
| 4:44 | Create | Villager (Male) |
| 5:28 | Create | Villager (Male) |
| 6:12 | Build | Mill |
| 6:17 | Create | Villager (Male) |
| 6:44 | Create | Villager (Male) |
| 7:42 | Create | Villager (Male) |
| 8:19 | Create | Villager (Male) |
| 8:24 | Create | Villager (Male) |
| 9:00 | Create | Villager (Male) |
| 9:15 | Create | Villager (Male) |
| 9:26 | Build | Mill |
| 9:40 | Build | Lumber Camp |
| 9:46 | Create | Villager (Male) |
| 10:04 | Create | Villager (Male) |
| 10:34 | Create | Villager (Male) |
| 11:30 | Research | Feudal Age |
| 12:41 | Create | Villager (Male) |
| 12:42 | Create | Villager (Male) |
| 13:18 | Create | Villager (Male) |
| 13:45 | Research | Horse Collar |
| 13:48 | Research | Double-Bit Axe |
| 14:02 | Build | Farm |
| 14:06 | Build | Farm |
| 14:11 | Build | Farm |
| 14:17 | Build | Farm |
| 14:22 | Create | Villager (Male) |
| 14:30 | Build | Mining Camp |
| 14:48 | Build | Farm |
| 14:52 | Build | Farm |
| 14:55 | Build | Farm |
| 14:59 | Build | Farm |
| 15:03 | Build | Farm |
| 15:13 | Create | Villager (Male) |
| 15:23 | Build | Farm |
| 15:29 | Build | Farm |
| 15:34 | Create | Villager (Male) |
| 16:12 | Create | Villager (Male) |
| 16:18 | Create | Villager (Male) |
| 16:23 | Build | Farm |
| 16:26 | Build | Farm |
| 16:29 | Build | Farm |
| 16:39 | Build | Farm |
| 16:43 | Create | Villager (Male) |
| 16:53 | Build | Farm |
| 17:20 | Build | Market |
| 17:35 | Create | Villager (Male) |
| 17:40 | Create | Villager (Male) |
| 17:50 | Build | Blacksmith |
| 17:59 | Create | Villager (Male) |
| 18:49 | Build | Mining Camp |
| 19:01 | Research | Castle Age |
| 19:44 | Build | Stone Wall |
| 19:54 | Build | Gate |
| 20:16 | Build | Stone Wall |
| 20:31 | Create | Villager (Male) |
| 20:31 | Create | Villager (Male) |
| 20:32 | Create | Villager (Male) |
| 20:32 | Create | Villager (Male) |
| 20:55 | Research | Stone Mining |
| 20:56 | Research | Gold Mining |
| 21:05 | Create | Trade Cart |
| 21:05 | Create | Trade Cart |
| 21:06 | Create | Trade Cart |
| 21:07 | Create | Trade Cart |
| 21:07 | Create | Trade Cart |
| 21:44 | Create | Villager (Male) |
| 21:45 | Create | Villager (Male) |
| 22:19 | Build | Mining Camp |
| 22:35 | Build | House |
| 22:40 | Build | House |
| 22:45 | Build | House |
| 22:54 | Create | Villager (Male) |
| 23:31 | Create | Villager (Male) |
| 23:36 | Create | Trade Cart |
| 23:37 | Create | Trade Cart |
| 23:39 | Create | Trade Cart |
| 24:08 | Build | Barracks |
| 24:21 | Research | Heavy Plow |
| 24:25 | Research | Bow Saw |
| 24:29 | Create | Villager (Male) |
| 25:08 | Build | Stable |
| 25:13 | Build | Stable |
| 25:18 | Build | Stable |
| 25:25 | Create | Villager (Male) |
| 25:35 | Research | Stone Shaft Mining |
| 25:58 | Create | Villager (Male) |
| 26:05 | Create | Knight |
| 26:05 | Create | Knight |
| 26:16 | Create | Knight |
| 26:29 | Create | Villager (Male) |
| 26:40 | Build | Castle |
| 26:46 | Create | Villager (Male) |
| 27:04 | Build | Monastery |
| 27:24 | Research | Wheelbarrow |
| 27:25 | Create | Villager (Male) |
| 27:25 | Create | Villager (Male) |
| 27:43 | Create | Villager (Male) |
| 27:43 | Create | Villager (Male) |
| 28:06 | Build | Siege Workshop |
| 28:10 | Create | Monk |
| 28:23 | Create | Conquistador |
| 28:24 | Create | Conquistador |
| 28:24 | Create | Conquistador |
| 28:24 | Create | Conquistador |
| 28:25 | Create | Conquistador |
| 28:49 | Create | Battering Ram |
| 28:49 | Create | Battering Ram |
| 29:04 | Research | Scale Barding Armor |
| 29:05 | Research | Forging |
| 29:32 | Create | Villager (Male) |
| 29:32 | Create | Villager (Male) |
| 29:41 | Create | Trade Cart |
| 29:41 | Create | Trade Cart |
| 29:42 | Create | Trade Cart |
| 30:32 | Create | Villager (Male) |
| 30:39 | Build | Lumber Camp |
| 31:00 | Build | Castle |
| 31:05 | Create | Conquistador |
| 31:05 | Create | Conquistador |
| 31:06 | Create | Conquistador |
| 31:06 | Create | Conquistador |
| 31:06 | Create | Conquistador |
| 31:06 | Create | Conquistador |
| 31:06 | Create | Conquistador |
| 31:07 | Create | Conquistador |
| 31:36 | Build | House |
| 31:40 | Build | House |
| 31:43 | Build | House |
| 31:46 | Build | House |
| 31:48 | Build | House |
Build order — abogalb35
First 150 of 363 actions detected
| 0:04 | Build | House |
| 0:09 | Build | House |
| 0:14 | Create | Villager (Male) ×4 |
| 0:14 | Create | Villager (Male) ×4 |
| 1:37 | Create | Villager (Male) |
| 2:05 | Build | Lumber Camp |
| 2:13 | Create | Villager (Male) |
| 2:13 | Create | Villager (Male) |
| 2:41 | Create | Villager (Male) |
| 3:00 | Create | Villager (Male) |
| 3:22 | Create | Villager (Male) |
| 4:33 | Create | Villager (Male) ×2 |
| 4:33 | Create | Villager (Male) ×2 |
| 5:34 | Build | Mill |
| 5:38 | Create | Villager (Male) ×5 |
| 5:49 | Build | House |
| 6:05 | Build | House |
| 7:28 | Create | Villager (Male) |
| 7:28 | Create | Villager (Male) |
| 7:54 | Build | Mill |
| 8:05 | Build | Palisade Wall |
| 8:22 | Create | Villager (Male) |
| 8:23 | Create | Villager (Male) |
| 9:34 | Build | House |
| 9:38 | Build | House |
| 9:39 | Build | House |
| 9:57 | Build | Palisade Wall |
| 10:07 | Research | Feudal Age |
| 10:25 | Build | Mining Camp |
| 10:48 | Build | Lumber Camp |
| 12:08 | Create | Villager (Male) |
| 12:08 | Create | Villager (Male) |
| 12:17 | Age | Feudal Age |
| 12:34 | Create | Villager (Male) |
| 12:35 | Create | Villager (Male) |
| 13:17 | Build | Palisade Wall |
| 13:27 | Build | House |
| 13:28 | Build | House |
| 13:30 | Build | House |
| 13:32 | Build | House |
| 13:34 | Build | House |
| 13:39 | Create | Villager (Male) |
| 13:39 | Create | Villager (Male) |
| 14:21 | Build | Market |
| 14:39 | Build | Mill |
| 15:22 | Build | Blacksmith |
| 15:42 | Create | Villager (Male) |
| 15:43 | Create | Villager (Male) |
| 15:58 | Research | Castle Age |
| 16:10 | Build | Mining Camp |
| 16:26 | Build | Palisade Wall |
| 16:41 | Build | Farm |
| 17:28 | Create | Villager (Male) |
| 17:28 | Create | Villager (Male) |
| 17:28 | Create | Villager (Male) |
| 17:45 | Research | Double-Bit Axe |
| 17:55 | Build | Farm |
| 18:31 | Build | Barracks |
| 18:37 | Create | Villager (Male) ×2 |
| 19:12 | Age | Castle Age |
| 19:20 | Research | Horse Collar |
| 19:39 | Build | Castle |
| 20:11 | Build | Farm |
| 20:12 | Build | Farm |
| 20:13 | Build | Farm |
| 20:17 | Create | Villager (Male) |
| 20:17 | Create | Villager (Male) |
| 20:29 | Build | Town Center |
| 20:57 | Build | Stone Wall |
| 21:18 | Build | Outpost |
| 21:28 | Build | Farm |
| 21:28 | Build | Farm |
| 21:28 | Build | Farm |
| 21:29 | Build | Farm |
| 21:30 | Build | Farm |
| 21:44 | Create | Villager (Male) ×2 |
| 22:05 | Build | Farm |
| 22:05 | Build | Farm |
| 22:06 | Build | Farm |
| 22:06 | Build | Farm |
| 22:06 | Build | Farm |
| 22:07 | Build | Farm |
| 22:07 | Build | Farm |
| 22:08 | Build | Farm |
| 22:08 | Build | Farm |
| 22:12 | Create | Villager (Male) |
| 22:25 | Build | Farm |
| 22:27 | Build | Farm |
| 22:27 | Build | Farm |
| 22:28 | Build | Farm |
| 22:28 | Build | Farm |
| 22:54 | Create | Villager (Male) ×2 |
| 23:09 | Build | Farm |
| 23:33 | Build | Stone Wall |
| 23:46 | Research | Bow Saw |
| 23:51 | Create | Villager (Male) ×3 |
| 24:20 | Build | Town Center |
| 24:26 | Create | Villager (Male) |
| 24:27 | Create | Villager (Male) |
| 24:27 | Create | Villager (Male) |
| 24:42 | Create | Villager (Male) |
| 24:42 | Create | Villager (Male) |
| 24:54 | Create | Villager (Male) |
| 24:55 | Create | Villager (Male) |
| 25:05 | Build | Farm |
| 25:05 | Build | Farm |
| 25:06 | Build | Farm |
| 25:08 | Build | Farm |
| 25:09 | Build | Farm |
| 25:09 | Build | Farm |
| 25:09 | Build | Farm |
| 25:10 | Build | Farm |
| 25:10 | Build | Farm |
| 25:10 | Build | Farm |
| 25:16 | Create | Villager (Male) |
| 25:16 | Create | Villager (Male) |
| 25:20 | Create | Villager (Male) |
| 25:20 | Create | Villager (Male) |
| 25:45 | Build | Stone Wall |
| 25:56 | Create | Longbowman ×5 |
| 26:34 | Create | Villager (Male) |
| 26:34 | Create | Villager (Male) |
| 26:34 | Create | Villager (Male) |
| 26:38 | Create | Villager (Male) |
| 26:38 | Create | Villager (Male) |
| 26:38 | Create | Villager (Male) |
| 26:39 | Create | Villager (Male) |
| 26:56 | Build | House |
| 26:56 | Build | House |
| 26:57 | Build | House |
| 26:57 | Build | House |
| 26:57 | Build | House |
| 26:58 | Build | House |
| 26:58 | Build | House |
| 26:58 | Build | House |
| 26:58 | Build | House |
| 26:59 | Build | House |
| 26:59 | Build | House |
| 27:09 | Build | Farm |
| 27:09 | Build | Farm |
| 27:10 | Build | Farm |
| 27:10 | Build | Farm |
| 27:10 | Build | Farm |
| 27:11 | Build | Farm |
| 27:11 | Build | Farm |
| 27:11 | Build | Farm |
| 27:11 | Build | Farm |
| 27:12 | Build | Farm |
| 27:12 | Build | Farm |
| 27:17 | Create | Villager (Male) ×5 |
Build order — Xksx4X
First 150 of 454 actions detected
| 0:03 | Create | Villager (Male) |
| 0:03 | Create | Villager (Male) |
| 0:04 | Create | Villager (Male) |
| 0:04 | Create | Villager (Male) |
| 0:04 | Create | Villager (Male) |
| 0:04 | Create | Villager (Male) |
| 0:05 | Create | Villager (Male) |
| 0:06 | Build | House |
| 0:08 | Build | House |
| 1:37 | Create | Villager (Male) |
| 1:53 | Build | Lumber Camp |
| 2:23 | Create | Villager (Male) |
| 2:40 | Create | Villager (Male) |
| 3:12 | Create | Villager (Male) |
| 3:19 | Build | House |
| 3:24 | Create | Villager (Male) |
| 3:43 | Create | Villager (Male) |
| 4:08 | Build | Mill |
| 4:24 | Create | Villager (Male) |
| 4:50 | Create | Villager (Male) |
| 5:03 | Create | Villager (Male) |
| 5:44 | Create | Villager (Male) |
| 5:44 | Create | Villager (Male) |
| 5:49 | Build | House |
| 6:09 | Research | Loom |
| 6:43 | Create | Villager (Male) |
| 7:29 | Research | Feudal Age |
| 7:29 | Research | Feudal Age |
| 8:13 | Build | Barracks |
| 8:35 | Build | House |
| 9:33 | Age | Feudal Age |
| 9:34 | Research | Double-Bit Axe |
| 9:38 | Build | Stable |
| 9:41 | Create | Villager (Male) |
| 9:59 | Build | Lumber Camp |
| 10:04 | Create | Villager (Male) |
| 10:15 | Build | Farm |
| 10:36 | Create | Scout Cavalry |
| 10:42 | Create | Villager (Male) |
| 10:51 | Create | Scout Cavalry |
| 11:00 | Build | Farm |
| 11:04 | Create | Villager (Male) |
| 11:10 | Build | Farm |
| 11:17 | Build | House |
| 11:25 | Build | Blacksmith |
| 11:29 | Create | Scout Cavalry |
| 11:32 | Create | Villager (Male) |
| 11:36 | Build | Farm |
| 11:52 | Create | Villager (Male) |
| 11:58 | Build | House |
| 12:14 | Create | Scout Cavalry |
| 12:15 | Create | Scout Cavalry |
| 12:55 | Create | Scout Cavalry |
| 12:56 | Create | Scout Cavalry |
| 12:56 | Create | Villager (Male) |
| 12:56 | Create | Villager (Male) |
| 13:00 | Build | Farm |
| 13:02 | Build | Farm |
| 13:17 | Create | Scout Cavalry |
| 13:25 | Build | Farm |
| 13:33 | Build | Farm |
| 14:11 | Create | Villager (Male) |
| 14:11 | Create | Villager (Male) |
| 14:28 | Create | Villager (Male) |
| 14:33 | Build | Farm |
| 14:34 | Build | Farm |
| 14:41 | Build | Farm |
| 14:47 | Build | Farm |
| 14:50 | Research | Forging |
| 14:57 | Build | Archery Range |
| 15:54 | Create | Villager (Male) |
| 15:55 | Create | Villager (Male) |
| 16:16 | Create | Archer |
| 16:16 | Create | Archer |
| 16:19 | Build | House |
| 16:36 | Create | Villager (Male) |
| 16:45 | Build | Mining Camp |
| 16:47 | Create | Villager (Male) |
| 16:48 | Create | Villager (Male) |
| 17:31 | Create | Villager (Male) |
| 17:31 | Create | Villager (Male) |
| 18:04 | Build | Farm |
| 18:07 | Build | Farm |
| 18:50 | Create | Villager (Male) |
| 18:52 | Build | Mining Camp |
| 18:58 | Build | House |
| 18:59 | Build | House |
| 19:01 | Build | House |
| 19:08 | Create | Archer |
| 19:09 | Create | Archer |
| 19:28 | Create | Villager (Male) |
| 19:35 | Research | Horse Collar |
| 19:36 | Create | Villager (Male) |
| 20:09 | Build | House |
| 20:32 | Create | Villager (Male) |
| 20:35 | Build | Mining Camp |
| 20:47 | Create | Spearman |
| 20:47 | Create | Spearman |
| 20:52 | Create | Archer |
| 20:52 | Create | Archer |
| 20:56 | Create | Villager (Male) |
| 21:36 | Create | Villager (Male) |
| 21:37 | Create | Villager (Male) |
| 21:39 | Research | Castle Age |
| 22:10 | Create | Scout Cavalry |
| 22:11 | Create | Scout Cavalry |
| 23:19 | Build | Archery Range |
| 24:04 | Age | Castle Age |
| 24:21 | Build | Stable |
| 24:26 | Create | Knight |
| 24:26 | Create | Knight |
| 24:32 | Build | Watch Tower |
| 24:36 | Build | Lumber Camp |
| 24:37 | Research | Bow Saw |
| 24:39 | Create | Villager (Male) |
| 24:39 | Create | Villager (Male) |
| 25:19 | Create | Knight |
| 25:19 | Create | Knight |
| 25:30 | Create | Knight |
| 25:58 | Build | Archery Range |
| 26:03 | Build | Farm |
| 26:16 | Create | Skirmisher |
| 26:16 | Create | Skirmisher |
| 26:20 | Create | Cavalry Archer |
| 26:20 | Create | Cavalry Archer |
| 27:11 | Create | Villager (Male) |
| 27:11 | Create | Villager (Male) |
| 27:20 | Create | Cavalry Archer |
| 27:20 | Create | Cavalry Archer |
| 27:42 | Create | Knight |
| 27:59 | Create | Cavalry Archer |
| 27:59 | Create | Cavalry Archer |
| 28:01 | Research | Iron Casting |
| 28:03 | Research | Fletching |
| 28:16 | Create | Villager (Male) |
| 28:17 | Create | Villager (Male) |
| 28:22 | Build | Town Center |
| 28:27 | Create | Villager (Male) |
| 28:27 | Create | Villager (Male) |
| 28:32 | Build | House |
| 28:33 | Build | House |
| 29:17 | Build | Archery Range |
| 29:21 | Create | Archer |
| 29:24 | Create | Cavalry Archer |
| 29:24 | Create | Cavalry Archer |
| 29:26 | Build | House |
| 29:28 | Create | Villager (Male) |
| 29:29 | Create | Villager (Male) |
| 29:32 | Research | Gold Mining |
| 29:42 | Create | Villager (Male) |
Build order — xX SAVAGE Xx
First 150 of 587 actions detected
| 0:03 | Build | House |
| 0:04 | Build | House |
| 0:08 | Research | Loom |
| 0:10 | Create | Villager (Male) |
| 0:12 | Create | Villager (Male) ×3 |
| 0:12 | Create | Villager (Male) ×3 |
| 1:53 | Create | Villager (Male) |
| 1:53 | Create | Villager (Male) |
| 2:34 | Create | Villager (Male) |
| 2:34 | Create | Villager (Male) |
| 3:06 | Create | Villager (Male) |
| 3:44 | Build | Lumber Camp |
| 3:49 | Create | Villager (Male) |
| 4:16 | Create | Villager (Male) |
| 4:17 | Create | Villager (Male) |
| 4:17 | Create | Villager (Male) |
| 4:26 | Build | House |
| 5:15 | Create | Villager (Male) |
| 5:47 | Build | Mill |
| 5:50 | Create | Villager (Male) |
| 6:00 | Create | Villager (Male) |
| 6:12 | Build | House |
| 6:16 | Build | House |
| 6:30 | Create | Villager (Male) |
| 6:30 | Create | Villager (Male) |
| 6:30 | Create | Villager (Male) |
| 6:31 | Create | Villager (Male) |
| 6:31 | Create | Villager (Male) |
| 7:33 | Build | Mill |
| 8:17 | Create | Villager (Male) |
| 8:18 | Create | Villager (Male) |
| 8:26 | Build | House |
| 8:27 | Build | House |
| 8:29 | Build | House |
| 8:30 | Build | House |
| 8:32 | Build | House |
| 9:11 | Create | Villager (Male) |
| 9:12 | Create | Villager (Male) |
| 9:47 | Research | Feudal Age |
| 10:15 | Build | Mill |
| 10:54 | Build | Mining Camp |
| 12:11 | Age | Feudal Age |
| 12:15 | Build | Blacksmith |
| 12:22 | Build | Market |
| 12:36 | Create | Villager (Male) |
| 12:36 | Create | Villager (Male) |
| 12:36 | Create | Villager (Male) |
| 13:06 | Build | Farm |
| 13:07 | Build | Farm |
| 13:08 | Build | Farm |
| 14:01 | Research | Castle Age |
| 14:12 | Build | Mining Camp |
| 14:17 | Research | Double-Bit Axe |
| 14:28 | Build | Farm |
| 14:32 | Build | Farm |
| 15:13 | Research | Stone Mining |
| 15:23 | Research | Horse Collar |
| 16:09 | Create | Villager (Male) |
| 16:10 | Create | Villager (Male) |
| 16:10 | Create | Villager (Male) |
| 16:41 | Age | Castle Age |
| 16:59 | Create | Villager (Male) |
| 16:59 | Create | Villager (Male) |
| 17:06 | Build | Town Center |
| 17:53 | Build | Castle |
| 18:03 | Build | Farm |
| 18:03 | Build | Farm |
| 18:03 | Build | Farm |
| 18:03 | Build | Farm |
| 18:03 | Build | Farm |
| 18:04 | Build | Farm |
| 18:04 | Build | Farm |
| 18:04 | Build | Farm |
| 18:04 | Build | Farm |
| 18:10 | Create | Villager (Male) |
| 18:11 | Create | Villager (Male) |
| 18:34 | Create | Villager (Male) |
| 18:34 | Create | Villager (Male) |
| 18:36 | Create | Villager (Male) |
| 18:58 | Create | Villager (Male) |
| 19:03 | Build | Farm |
| 19:03 | Build | Farm |
| 19:03 | Build | Farm |
| 19:04 | Build | Farm |
| 19:04 | Build | Farm |
| 19:04 | Build | Farm |
| 19:05 | Build | Farm |
| 19:05 | Build | Farm |
| 19:19 | Create | Villager (Male) |
| 19:29 | Create | Villager (Male) |
| 19:29 | Create | Villager (Male) |
| 19:36 | Build | House |
| 19:37 | Build | House |
| 19:38 | Build | House |
| 19:39 | Build | House |
| 19:40 | Build | House |
| 19:56 | Create | Serjeant |
| 19:56 | Create | Serjeant |
| 20:07 | Create | Villager (Male) |
| 20:24 | Build | Town Center |
| 20:33 | Create | Villager (Male) |
| 20:33 | Create | Villager (Male) |
| 20:34 | Create | Villager (Male) |
| 20:55 | Create | Villager (Male) |
| 20:55 | Create | Villager (Male) |
| 20:55 | Create | Villager (Male) |
| 21:27 | Build | Mill |
| 21:31 | Build | Farm |
| 21:32 | Build | Farm |
| 21:43 | Build | Farm |
| 21:44 | Create | Villager (Male) |
| 21:45 | Create | Villager (Male) |
| 21:45 | Create | Villager (Male) |
| 21:45 | Create | Villager (Male) |
| 22:07 | Create | Serjeant |
| 22:07 | Create | Serjeant |
| 22:08 | Create | Serjeant |
| 22:28 | Create | Serjeant |
| 22:28 | Create | Serjeant |
| 22:48 | Create | Villager (Male) |
| 22:48 | Create | Villager (Male) |
| 22:56 | Build | Farm |
| 22:56 | Build | Farm |
| 22:57 | Build | Farm |
| 22:57 | Build | Farm |
| 22:57 | Build | Farm |
| 22:57 | Build | Farm |
| 22:58 | Build | Farm |
| 22:58 | Build | Farm |
| 22:58 | Build | Farm |
| 22:58 | Build | Farm |
| 23:00 | Create | Villager (Male) |
| 23:03 | Create | Villager (Male) |
| 23:03 | Create | Villager (Male) |
| 23:31 | Research | Forging |
| 24:03 | Create | Villager (Male) |
| 24:03 | Create | Villager (Male) |
| 24:04 | Create | Villager (Male) |
| 24:04 | Create | Villager (Male) |
| 24:17 | Research | Scale Mail Armor |
| 24:35 | Create | Villager (Male) |
| 24:35 | Create | Villager (Male) |
| 24:35 | Create | Villager (Male) |
| 24:41 | Create | Villager (Male) |
| 24:52 | Research | Bow Saw |
| 25:00 | Research | Heavy Plow |
| 25:17 | Build | Town Center |
| 25:38 | Build | Castle |
| 25:59 | Build | Donjon |
| 26:09 | Create | Serjeant |
Build order — KF55300
First 150 of 460 actions detected
| 0:02 | Build | House |
| 0:03 | Build | House |
| 0:11 | Create | Villager (Male) |
| 0:11 | Create | Villager (Male) |
| 0:11 | Create | Villager (Male) |
| 0:12 | Create | Villager (Male) |
| 0:27 | Build | House |
| 2:03 | Create | Villager (Male) |
| 2:34 | Build | Mill |
| 3:53 | Create | Villager (Male) |
| 3:55 | Create | Villager (Male) |
| 3:55 | Create | Villager (Male) |
| 5:15 | Create | Villager (Male) |
| 5:16 | Create | Villager (Male) |
| 5:16 | Create | Villager (Male) |
| 5:50 | Build | Lumber Camp |
| 5:55 | Create | Villager (Male) |
| 5:55 | Create | Villager (Male) |
| 6:06 | Build | Farm |
| 6:11 | Build | Farm |
| 6:21 | Create | Villager (Male) |
| 7:14 | Create | Villager (Male) |
| 7:14 | Create | Villager (Male) |
| 7:42 | Create | Villager (Male) |
| 7:50 | Build | House |
| 7:53 | Build | House |
| 8:01 | Create | Villager (Male) |
| 8:18 | Build | Mill |
| 8:44 | Create | Villager (Male) |
| 8:49 | Create | Villager (Male) |
| 8:50 | Create | Villager (Male) |
| 9:19 | Build | Mining Camp |
| 9:38 | Build | Lumber Camp |
| 9:59 | Build | Mining Camp |
| 10:09 | Research | Loom |
| 10:42 | Build | Palisade Gate |
| 10:48 | Build | Palisade Wall |
| 11:07 | Research | Feudal Age |
| 11:58 | Build | House |
| 11:59 | Build | House |
| 12:18 | Build | Barracks |
| 12:43 | Create | Villager (Male) |
| 12:43 | Create | Villager (Male) |
| 12:44 | Create | Villager (Male) |
| 12:44 | Create | Villager (Male) |
| 13:23 | Research | Horse Collar |
| 13:29 | Build | Blacksmith |
| 13:37 | Build | Market |
| 13:49 | Research | Double-Bit Axe |
| 14:00 | Build | Stone Wall |
| 14:39 | Build | Farm |
| 14:41 | Build | Farm |
| 14:47 | Build | Farm |
| 15:09 | Build | Farm |
| 15:39 | Build | Farm |
| 16:09 | Build | Stone Wall |
| 16:34 | Research | Castle Age |
| 16:54 | Build | Stone Wall |
| 16:57 | Build | Stone Wall |
| 17:25 | Create | Villager (Male) |
| 17:26 | Create | Villager (Male) |
| 17:26 | Create | Villager (Male) |
| 18:06 | Build | Stone Wall |
| 18:29 | Build | House |
| 18:43 | Build | House |
| 19:35 | Build | Stable |
| 19:38 | Build | Stable |
| 19:41 | Build | Stable |
| 19:44 | Build | Stable |
| 20:06 | Build | Stone Wall |
| 20:39 | Research | Bow Saw |
| 20:49 | Build | Lumber Camp |
| 21:15 | Build | Stone Wall |
| 21:44 | Build | University |
| 21:57 | Research | Heavy Plow |
| 22:03 | Research | Gold Mining |
| 22:18 | Build | House |
| 22:21 | Build | House |
| 22:23 | Build | House |
| 22:28 | Research | Bloodlines |
| 22:29 | Research | Husbandry |
| 23:05 | Build | Town Center |
| 23:13 | Build | House |
| 23:15 | Build | House |
| 23:16 | Build | House |
| 23:33 | Create | Unit 1944 ×3 |
| 24:11 | Create | Unit 1944 |
| 24:25 | Create | Scout Cavalry |
| 24:25 | Create | Scout Cavalry |
| 24:25 | Create | Scout Cavalry |
| 24:25 | Create | Scout Cavalry |
| 24:34 | Create | Unit 1944 |
| 24:49 | Create | Villager (Male) |
| 24:49 | Create | Villager (Male) |
| 24:49 | Create | Villager (Male) |
| 24:50 | Create | Villager (Male) |
| 24:52 | Create | Villager (Male) |
| 24:52 | Create | Villager (Male) |
| 25:12 | Create | Villager (Male) |
| 27:58 | Build | Castle |
| 28:02 | Create | Unit 1944 ×7 |
| 29:07 | Research | Scale Barding Armor |
| 31:00 | Build | Castle |
| 31:05 | Research | Ballistics |
| 31:08 | Create | Unit 1968 |
| 31:08 | Create | Unit 1968 |
| 31:08 | Create | Unit 1968 |
| 31:09 | Create | Unit 1968 |
| 31:09 | Create | Unit 1968 |
| 31:09 | Create | Unit 1968 |
| 31:10 | Create | Unit 1968 |
| 31:19 | Create | Unit 1944 ×4 |
| 32:08 | Build | Lumber Camp |
| 32:18 | Create | Unit 1944 ×2 |
| 32:55 | Build | Gate |
| 33:29 | Create | Unit 1944 ×2 |
| 33:33 | Create | Unit 1968 |
| 33:33 | Create | Unit 1968 |
| 35:03 | Create | Villager (Male) |
| 35:03 | Create | Villager (Male) |
| 35:03 | Create | Villager (Male) |
| 35:03 | Create | Villager (Male) |
| 35:04 | Create | Villager (Male) |
| 35:04 | Create | Villager (Male) |
| 35:06 | Create | Unit 1968 |
| 35:06 | Create | Unit 1968 |
| 35:06 | Create | Unit 1968 |
| 35:06 | Create | Unit 1968 |
| 35:06 | Create | Unit 1968 |
| 35:06 | Create | Unit 1968 |
| 35:07 | Create | Unit 1968 |
| 35:07 | Create | Unit 1968 |
| 36:31 | Build | Farm |
| 36:31 | Build | Farm |
| 36:31 | Build | Farm |
| 36:31 | Build | Farm |
| 36:31 | Create | Petard |
| 36:31 | Build | Farm |
| 36:31 | Build | Farm |
| 36:31 | Create | Petard |
| 36:33 | Build | Farm |
| 36:33 | Build | Farm |
| 36:33 | Build | Farm |
| 36:33 | Build | Farm |
| 36:33 | Build | Farm |
| 36:33 | Build | Farm |
| 36:33 | Build | Farm |
| 36:35 | Create | Unit 1968 |
| 36:35 | Create | Unit 1968 |
| 36:36 | Create | Unit 1968 |
Build order — fjk
First 150 of 345 actions detected
| 0:09 | Build | House |
| 0:13 | Create | Villager (Male) ×4 |
| 0:13 | Create | Villager (Male) ×4 |
| 0:13 | Create | Villager (Male) ×4 |
| 1:53 | Create | Villager (Male) |
| 1:54 | Create | Villager (Male) |
| 1:54 | Create | Villager (Male) |
| 2:18 | Create | Villager (Male) |
| 2:18 | Create | Villager (Male) |
| 2:18 | Create | Villager (Male) |
| 2:40 | Create | Villager (Male) |
| 3:00 | Build | Settlement |
| 3:15 | Create | Villager (Male) |
| 3:15 | Create | Villager (Male) |
| 3:15 | Create | Villager (Male) |
| 3:55 | Create | Villager (Male) |
| 3:55 | Create | Villager (Male) |
| 4:17 | Create | Villager (Male) |
| 4:17 | Create | Villager (Male) |
| 4:17 | Create | Villager (Male) |
| 4:59 | Create | Villager (Male) |
| 4:59 | Create | Villager (Male) |
| 5:00 | Create | Villager (Male) |
| 5:50 | Create | Villager (Male) |
| 6:18 | Create | Villager (Male) |
| 6:19 | Create | Villager (Male) |
| 6:19 | Create | Villager (Male) |
| 7:21 | Create | Villager (Male) |
| 8:01 | Create | Villager (Male) |
| 8:02 | Research | Feudal Age |
| 8:42 | Build | Settlement |
| 9:15 | Build | Settlement |
| 10:36 | Age | Feudal Age |
| 10:40 | Research | Wheelbarrow |
| 10:44 | Research | Double-Bit Axe |
| 10:49 | Research | Horse Collar |
| 11:52 | Build | Farm |
| 11:53 | Build | Farm |
| 11:56 | Create | Villager (Male) |
| 11:57 | Create | Villager (Male) |
| 12:14 | Build | Barracks |
| 12:39 | Build | Farm |
| 12:45 | Build | Farm |
| 12:48 | Create | Villager (Male) |
| 12:58 | Build | Farm |
| 13:11 | Create | Villager (Male) |
| 13:25 | Build | Farm |
| 13:30 | Create | Villager (Male) |
| 13:56 | Create | Villager (Male) |
| 14:09 | Build | Archery Range |
| 14:18 | Build | Farm |
| 14:20 | Build | Farm |
| 14:24 | Create | Villager (Male) |
| 14:46 | Create | Villager (Male) |
| 15:06 | Build | Farm |
| 15:07 | Build | Farm |
| 15:14 | Create | Villager (Male) |
| 15:37 | Build | Farm |
| 15:42 | Create | Villager (Male) |
| 16:04 | Build | Blacksmith |
| 16:10 | Create | Villager (Male) |
| 16:22 | Create | Villager (Male) |
| 16:45 | Research | Stone Mining |
| 16:47 | Research | Castle Age |
| 18:09 | Create | Spearman |
| 18:10 | Create | Spearman |
| 18:12 | Create | Spearman |
| 18:41 | Build | Stone Wall |
| 18:48 | Research | Gold Mining |
| 19:03 | Build | Stone Wall |
| 19:14 | Build | Gate |
| 19:40 | Age | Castle Age |
| 19:42 | Build | Market |
| 19:48 | Research | Hand Cart |
| 19:51 | Research | Bow Saw |
| 19:55 | Research | Heavy Plow |
| 20:48 | Build | Castle |
| 20:57 | Create | Villager (Male) |
| 20:57 | Create | Villager (Male) |
| 20:57 | Create | Villager (Male) |
| 20:57 | Create | Villager (Male) |
| 21:13 | Build | Settlement |
| 21:46 | Build | Town Center |
| 21:51 | Create | Villager (Male) |
| 21:59 | Research | Gold Shaft Mining |
| 22:19 | Research | Stone Shaft Mining |
| 23:26 | Build | Stone Wall |
| 23:34 | Build | Gate |
| 23:38 | Create | Villager (Male) |
| 23:38 | Create | Villager (Male) |
| 23:38 | Create | Villager (Male) |
| 23:39 | Create | Villager (Male) |
| 23:43 | Research | Town Watch |
| 23:44 | Create | Villager (Male) |
| 23:44 | Create | Villager (Male) |
| 23:45 | Create | Villager (Male) |
| 24:08 | Create | Kamayuk |
| 24:09 | Create | Kamayuk |
| 24:09 | Create | Kamayuk |
| 24:09 | Create | Kamayuk |
| 24:09 | Create | Kamayuk |
| 24:37 | Research | Squires |
| 24:50 | Create | Villager (Male) |
| 24:51 | Create | Villager (Male) |
| 25:01 | Build | Farm |
| 25:03 | Build | Farm |
| 25:04 | Build | Farm |
| 25:10 | Create | Villager (Male) |
| 25:15 | Create | Villager (Male) |
| 25:44 | Create | Villager (Male) |
| 25:44 | Create | Villager (Male) |
| 25:45 | Create | Villager (Male) |
| 25:49 | Create | Villager (Male) |
| 26:02 | Build | Farm |
| 26:05 | Build | Farm |
| 26:08 | Build | Farm |
| 26:43 | Create | Villager (Male) |
| 26:43 | Create | Villager (Male) |
| 26:44 | Create | Villager (Male) |
| 26:48 | Create | Villager (Male) |
| 26:48 | Create | Villager (Male) |
| 26:48 | Create | Villager (Male) |
| 26:52 | Build | Farm |
| 26:52 | Build | Farm |
| 27:06 | Build | Farm |
| 27:14 | Create | Villager (Male) |
| 27:14 | Create | Villager (Male) |
| 27:21 | Build | Farm |
| 27:23 | Build | Farm |
| 27:28 | Create | Kamayuk ×2 |
| 27:28 | Create | Kamayuk ×2 |
| 27:28 | Create | Kamayuk ×2 |
| 28:04 | Create | Kamayuk |
| 28:04 | Create | Kamayuk |
| 28:05 | Create | Kamayuk |
| 28:09 | Create | Villager (Male) |
| 28:09 | Create | Villager (Male) |
| 28:10 | Create | Villager (Male) |
| 28:17 | Build | Farm |
| 28:18 | Build | Farm |
| 28:19 | Build | Farm |
| 28:23 | Build | Farm |
| 28:29 | Create | Villager (Male) |
| 28:30 | Create | Villager (Male) |
| 28:40 | Build | Settlement |
| 28:47 | Create | Villager (Male) |
| 28:48 | Create | Villager (Male) |
| 29:23 | Build | Farm |
| 29:26 | Build | Farm |
| 29:27 | Build | Farm |
Build order — SPARTA
First 150 of 377 actions detected
| 0:02 | Build | House |
| 0:03 | Build | House |
| 0:06 | Research | Loom |
| 0:06 | Create | Villager (Male) ×4 |
| 1:38 | Create | Villager (Male) |
| 2:15 | Create | Villager (Male) |
| 2:18 | Build | Lumber Camp |
| 2:42 | Create | Villager (Male) |
| 3:13 | Create | Villager (Male) |
| 3:16 | Build | House |
| 3:29 | Create | Villager (Male) |
| 3:29 | Create | Villager (Male) |
| 3:38 | Build | House |
| 4:08 | Create | Villager (Male) |
| 4:24 | Create | Villager (Male) |
| 4:32 | Build | House |
| 4:53 | Create | Villager (Male) |
| 5:10 | Create | Villager (Male) |
| 5:30 | Create | Villager (Male) |
| 6:08 | Create | Villager (Male) |
| 6:32 | Create | Villager (Male) |
| 6:51 | Build | Mill |
| 7:08 | Create | Villager (Male) |
| 7:46 | Build | Farm |
| 7:54 | Create | Villager (Male) |
| 7:54 | Create | Villager (Male) |
| 8:09 | Build | Mill |
| 8:16 | Build | Farm |
| 8:20 | Create | Villager (Male) |
| 8:26 | Build | Mining Camp |
| 8:54 | Build | Farm |
| 9:09 | Create | Villager (Male) |
| 9:28 | Create | Villager (Male) |
| 9:48 | Create | Villager (Male) |
| 10:13 | Research | Feudal Age |
| 10:20 | Build | House |
| 10:55 | Build | Farm |
| 11:19 | Build | Palisade Wall |
| 11:24 | Build | Palisade Wall |
| 11:47 | Build | Lumber Camp |
| 12:26 | Build | Barracks |
| 12:34 | Age | Feudal Age |
| 12:36 | Build | Palisade Wall |
| 13:01 | Build | Palisade Wall |
| 13:03 | Build | Palisade Wall |
| 13:28 | Build | Farm |
| 13:29 | Build | Farm |
| 13:33 | Create | Spearman |
| 14:10 | Create | Spearman |
| 14:35 | Build | Palisade Wall |
| 14:38 | Build | Palisade Wall |
| 14:41 | Build | Palisade Wall |
| 15:24 | Create | Spearman |
| 15:25 | Create | Spearman |
| 15:55 | Create | Spearman |
| 16:15 | Create | Spearman |
| 16:16 | Create | Spearman |
| 16:34 | Create | Spearman |
| 17:34 | Build | Archery Range |
| 17:53 | Create | Spearman |
| 17:53 | Create | Spearman |
| 18:06 | Create | Spearman |
| 18:13 | Build | Barracks |
| 18:20 | Build | House |
| 19:30 | Build | Blacksmith |
| 19:48 | Create | Skirmisher ×5 |
| 20:17 | Create | Villager (Male) |
| 20:17 | Create | Villager (Male) |
| 20:17 | Create | Villager (Male) |
| 20:29 | Build | Blacksmith |
| 21:25 | Create | Skirmisher |
| 21:25 | Create | Skirmisher |
| 21:32 | Build | Blacksmith |
| 22:39 | Research | Fletching |
| 22:45 | Build | Mining Camp |
| 22:53 | Build | Market |
| 23:27 | Research | Castle Age |
| 25:07 | Create | Skirmisher ×5 |
| 26:07 | Age | Castle Age |
| 26:40 | Build | Town Center |
| 26:47 | Build | Town Center |
| 27:15 | Research | Pikeman (upgrade) |
| 27:55 | Create | Villager (Male) |
| 27:55 | Create | Villager (Male) |
| 27:56 | Create | Villager (Male) |
| 27:56 | Create | Villager (Male) |
| 27:56 | Create | Villager (Male) |
| 27:56 | Create | Villager (Male) |
| 28:18 | Build | Town Center |
| 28:21 | Create | Villager (Male) |
| 28:27 | Build | House |
| 28:27 | Build | House |
| 28:28 | Build | House |
| 28:28 | Build | House |
| 28:53 | Research | Elite Skirmisher (upgrade) |
| 28:53 | Create | Skirmisher ×3 |
| 29:34 | Create | Spearman |
| 29:34 | Create | Spearman |
| 29:34 | Create | Spearman |
| 29:57 | Create | Spearman |
| 30:12 | Build | Farm |
| 30:19 | Build | Farm |
| 30:19 | Build | Farm |
| 30:19 | Build | Farm |
| 30:20 | Build | Farm |
| 30:20 | Build | Farm |
| 30:20 | Build | Farm |
| 30:20 | Build | Farm |
| 30:20 | Build | Farm |
| 31:05 | Build | House |
| 31:06 | Build | House |
| 31:10 | Create | Villager (Male) |
| 31:10 | Create | Villager (Male) |
| 31:10 | Create | Villager (Male) |
| 31:19 | Build | Farm |
| 31:19 | Build | Farm |
| 31:19 | Build | Farm |
| 31:20 | Build | Farm |
| 31:20 | Build | Farm |
| 31:20 | Build | Farm |
| 31:25 | Build | Farm |
| 31:36 | Research | Double-Bit Axe |
| 31:54 | Build | Farm |
| 31:55 | Create | Villager (Male) |
| 32:18 | Build | Farm |
| 32:21 | Create | Villager (Male) |
| 32:29 | Build | Farm |
| 32:36 | Create | Villager (Male) |
| 32:40 | Build | Farm |
| 32:40 | Build | Farm |
| 32:43 | Create | Villager (Male) |
| 33:57 | Create | Spearman ×5 |
| 34:17 | Create | Skirmisher ×5 |
| 34:23 | Build | Farm |
| 34:24 | Create | Villager (Male) |
| 34:25 | Create | Villager (Male) |
| 34:29 | Build | Farm |
| 34:34 | Build | Farm |
| 34:50 | Build | Archery Range |
| 35:03 | Create | Villager (Male) |
| 35:03 | Create | Villager (Male) |
| 35:04 | Create | Villager (Male) |
| 35:04 | Create | Villager (Male) |
| 35:10 | Build | Farm |
| 35:24 | Build | Farm |
| 35:25 | Create | Villager (Male) |
| 35:25 | Create | Villager (Male) |
| 35:55 | Build | Farm |
| 35:56 | Create | Villager (Male) |
| 35:57 | Create | Villager (Male) |
Match timeline
| 8:05 | abogalb35 · wall_segment Palisade Wall x3 |
| 8:13 | Xksx4X · first_building Barracks |
| 9:33 | Xksx4X · age_up feudal |
| 9:38 | Xksx4X · first_building Stable |
| 9:55 | Oday_T · age_up feudal |
| 9:57 | abogalb35 · wall_segment Palisade Wall x20 |
| 10:36 | fjk · age_up feudal |
| 10:48 | KF55300 · wall_segment Palisade Wall x6 |
| 11:19 | SPARTA · wall_segment Palisade Wall x1 |
| 11:24 | SPARTA · wall_segment Palisade Wall x1 |
| 12:11 | xX SAVAGE Xx · age_up feudal |
| 12:14 | fjk · first_building Barracks |
| 12:17 | abogalb35 · age_up feudal |
| 12:18 | KF55300 · first_building Barracks |
| 12:26 | SPARTA · first_building Barracks |
| 12:34 | SPARTA · age_up feudal |
| 12:36 | SPARTA · wall_segment Palisade Wall x1 |
| 13:01 | SPARTA · wall_segment Palisade Wall x1 |
| 13:03 | SPARTA · wall_segment Palisade Wall x1 |
| 13:17 | abogalb35 · wall_segment Palisade Wall x11 |
| 13:22 | xX SAVAGE Xx · first_market_sell 100 wood |
| 13:54 | xX SAVAGE Xx · first_market_buy 100 food |
| 14:00 | KF55300 · wall_segment Stone Wall x7 |
| 14:09 | fjk · first_building Archery Range |
| 14:35 | SPARTA · wall_segment Palisade Wall x1 |
| 14:38 | SPARTA · wall_segment Palisade Wall x1 |
| 14:41 | SPARTA · wall_segment Palisade Wall x1 |
| 14:57 | Xksx4X · first_building Archery Range |
| 15:26 | KF55300 · first_market_buy 100 wood |
| 15:31 | Oday_T · first_building Barracks |
| 16:09 | KF55300 · wall_segment Stone Wall x9 |
| 16:26 | abogalb35 · wall_segment Palisade Wall x1 |
| 16:26 | KF55300 · first_market_sell 100 stone |
| 16:41 | xX SAVAGE Xx · age_up castle |
| 16:54 | KF55300 · wall_segment Stone Wall x1 |
| 16:57 | KF55300 · wall_segment Stone Wall x1 |
| 17:34 | SPARTA · first_building Archery Range |
| 17:53 | xX SAVAGE Xx · first_building Castle |
| 18:06 | KF55300 · wall_segment Stone Wall x8 |
| 18:31 | abogalb35 · first_building Barracks |
| 18:41 | fjk · wall_segment Stone Wall x7 |
| 19:03 | fjk · wall_segment Stone Wall x7 |
| 19:12 | abogalb35 · age_up castle |
| 19:35 | KF55300 · first_building Stable |
| 19:39 | abogalb35 · first_building Castle |
| 19:40 | fjk · age_up castle |
| 19:44 | MeruemxPain · wall_segment Stone Wall x5 |
| 20:06 | KF55300 · wall_segment Stone Wall x7 |
| 20:16 | MeruemxPain · wall_segment Stone Wall x3 |
| 20:48 | fjk · first_building Castle |
| 20:57 | abogalb35 · wall_segment Stone Wall x8 |
| 21:15 | KF55300 · wall_segment Stone Wall x8 |
| 23:26 | fjk · wall_segment Stone Wall x20 |
| 23:33 | abogalb35 · wall_segment Stone Wall x9 |
| 24:04 | Xksx4X · age_up castle |
| 24:08 | MeruemxPain · first_building Barracks |
| 25:08 | MeruemxPain · first_building Stable |
| 25:45 | abogalb35 · wall_segment Stone Wall x9 |
| 25:59 | xX SAVAGE Xx · first_building Donjon |
| 26:07 | SPARTA · age_up castle |
| 26:19 | Oday_T · age_up castle |
| 26:40 | MeruemxPain · first_building Castle |
| 27:04 | MeruemxPain · first_building Monastery |
| 27:46 | abogalb35 · wall_segment Stone Wall x13 |
| 27:58 | KF55300 · first_building Castle |
| 28:06 | SPARTA · first_market_buy 100 stone |
| 28:06 | MeruemxPain · first_building Siege Workshop |
| 28:41 | xX SAVAGE Xx · first_building Archery Range |
| 30:04 | xX SAVAGE Xx · first_building Barracks |
| 30:30 | Oday_T · first_building Castle |
| 30:36 | fjk · wall_segment Stone Wall x2 |
| 33:18 | abogalb35 · wall_segment Stone Wall x10 |
| 33:21 | Oday_T · first_building Monastery |
| 34:01 | Xksx4X · first_building Siege Workshop |
| 34:48 | fjk · age_up imperial |
| 37:02 | Oday_T · age_up imperial |
| 37:08 | abogalb35 · wall_segment Stone Wall x7 |
| 37:45 | Oday_T · wall_segment Stone Wall x14 |
| 37:59 | Xksx4X · age_up imperial |
| 41:30 | SPARTA · first_building Stable |
| 42:16 | Xksx4X · first_building Castle |
| 43:37 | Oday_T · first_building Archery Range |
| 43:55 | xX SAVAGE Xx · age_up imperial |
| 44:30 | xX SAVAGE Xx · first_building Stable |
| 46:20 | KF55300 · first_building Archery Range |
| 46:51 | abogalb35 · wall_segment Stone Wall x25 |
| 47:42 | xX SAVAGE Xx · wall_segment Stone Wall x9 |
| 49:25 | abogalb35 · age_up imperial |
| 49:49 | abogalb35 · first_market_sell 500 food |
| 51:08 | SPARTA · first_building Siege Workshop |
| 51:14 | SPARTA · first_building Monastery |
| 51:40 | abogalb35 · first_building Siege Workshop |
| 51:58 | abogalb35 · first_building Archery Range |
| 53:13 | Oday_T · tribute_sent a jugador 1 |
| 53:13 | Oday_T · tribute_sent a jugador 2 |
| 53:13 | Oday_T · tribute_sent a jugador 3 |
| 53:13 | Oday_T · tribute_sent a jugador 4 |
| 53:13 | Oday_T · tribute_sent a jugador 5 |
| 53:13 | Oday_T · tribute_sent a jugador 7 |
| 53:13 | Oday_T · tribute_sent a jugador 8 |
| 53:14 | fjk · wall_segment Stone Wall x7 |
| 53:29 | SPARTA · first_building Castle |
| 54:41 | Oday_T · wall_segment Stone Wall x8 |
| 55:34 | SPARTA · age_up imperial |
| 62:24 | abogalb35 · resign |
[ AI ANALYSIS · 1 CREDIT ]
What really happened in this match?
Wolo.gg analyzes every decision: build order, eco, micro, common mistakes by bracket. Personalized analysis on WhatsApp or Discord in 30 seconds.
Civ guide
Byzantines
Perfil
Jugador #25213156